 Dungeon Crawl Stone Soup version 0.26.1-11-gd32895ea62 (webtiles) character file.

Game seed: 2209657296863915049

140 jlumianski the Caller (level 5, -4/21 HPs)
             Began as a Felid Summoner on May 5, 2021.
             Killed from afar by an orc wizard (7 damage)
             ... with a magic dart
             ... on level 4 of the Dungeon on May 8, 2021.
             The game lasted 00:34:52 (5850 turns).

jlumianski the Caller (Felid Summoner)              Turns: 5850, Time: 00:34:54

Health: -4/21      AC:  1    Str:  4    XL:     5   Next: 2%
Magic:  0/12       EV: 18    Int: 18    God:
Gold:   306        SH:  0    Dex: 16    Spells: 6/12 levels left
                                        Lives:  0   Deaths: 1

rFire    . . .     SeeInvis +   (weapon unavailable)
rCold    . . .     Faith    .   (shield unavailable)
rNeg     . . .     Spirit   .   (armour unavailable)
rPois    .         Reflect  .   (helmet unavailable)
rElec    .         Harm     .   (cloak unavailable)
rCorr    .         Rampage  .   (gloves unavailable)
Will     .....                  (boots unavailable)
Stlth    +++.......             (no amulet)
HPRegen  0.07/turn              (no ring)
MPRegen  0.13/turn              (no ring)

@: quick
A: very small, no armour, no weapons or thrown items, stealth, claws 1, fangs 3,
see invisible, speed 1, shaggy fur 1, sharp paws
a: no special abilities


You were on level 4 of the Dungeon.
You visited 1 branch of the dungeon, and saw 4 of its levels.

You collected 306 gold pieces.

Inventory:

Jewellery
 p - an uncursed ring of flight {unknown}
Wands
 f - a wand of random effects (39)
Scrolls
 a - 3 scrolls of remove curse
 b - 3 scrolls of immolation
 d - a scroll of teleportation {unknown}
 l - a scroll of noise
 m - a scroll of magic mapping {unknown}
 n - 2 scrolls of amnesia
 q - a scroll of enchant armour {unknown}
 s - a scroll of enchant weapon {unknown}
Potions
 c - a potion of curing {unknown}
 e - a potion of attraction {unknown}
 g - a potion of mutation {unknown}
 h - a potion of heal wounds {unknown}
 i - a potion of resistance {unknown}
 j - a potion of brilliance {unknown}
 k - a potion of flight {unknown}
 o - a potion of invisibility {unknown}
 r - a potion of lignification {unknown}


   Skills:
 + Level 2.8 Dodging
 + Level 3.3 Stealth
 + Level 0.5 Unarmed Combat
 + Level 4.1 Spellcasting
 + Level 5.7 Summonings


You had 6 spell levels left.
You knew the following spells:

 Your Spells              Type           Power        Failure   Level
a - Summon Small Mammal   Summ           96%          1%          1
b - Call Imp              Summ           24%          1%          2
c - Call Canine Familiar  Summ           24%          4%          3

Your spell library contained the following spells:

 Spells                   Type           Power        Failure   Level
 Summon Guardian Golem    Hex/Summ       14%          14%         3
 Summon Ice Beast         Ice/Summ       14%          41%         4
 Summon Lightning Spire   Summ/Air       14%          41%         4


Dungeon Overview and Level Annotations

Branches:
Dungeon (4/15)
 Temple: D:4-7

Altars:
Lugonu

Portals:
Abyss: D:3


Innate Abilities, Weirdness & Mutations

You cannot wear armour.
You are incapable of wielding weapons or throwing items.
Your paws allow you to move quietly. (Stealth)
You have sharp claws.
You have razor-sharp teeth.
You have supernaturally acute eyesight. (SInv)
You cover ground quickly.
You are covered in fur. (AC +1)
Your sharp claws are effective at attacking unaware monsters.


Message History

The puff of frost misses the orc wizard.
The orc wizard gestures at you while chanting.
The puff of frost hits you!
* * * LOW HITPOINT WARNING * * *
Okay, then.
Okay, then.
Casting: Summon Small Mammal (safe; 1% risk of failure)
Confirm with . or Enter, or press ? or * to list all spells.
A beastly little devil appears in a puff of flame.
The orc wizard hits you with a +0 dagger.
* * * LOW HITPOINT WARNING * * *
Unknown command.
Unknown command.
The orc wizard casts a spell at you. The puff of frost misses you.
The puff of frost hits your crimson imp.
Your crimson imp is frozen!
The orc wizard points at you and mumbles some strange words.
The magic dart hits you!
You die...

#.#####'######..##..........
####+#####'####..§o.)....o.§.o.
#............##.##.##....o.....
#............##.##..#..........
#............##(###.###.#######
#............##.# #.# #.# #
#............##o# #.###.# #
####'#####'####.###..##.# #
#....# #.# #@......##.# #
#....# #.# #5......##.# #
#....####'###........#.# #
#....'...............#X# #
####....#.................# #
........#..............#..# #
........#..............#..#
........#..............##>#
.....####..............##.#


You could see an orc wizard (fast, invisible) and a friendly crimson imp
(summoned).

Vanquished Creatures
  A leopard gecko (D:1)
  An orc (D:4)
  A bat (D:1)
  A frilled lizard (D:2)
  4 rats
  A lurking horror (D:3)
9 creatures vanquished.

Vanquished Creatures (collateral kills)
  A nameless horror (D:4)
  2 howler monkeys (D:4)
  2 orc wizards
  An orc priest (D:3)
  A centaur skeleton (D:4)
  Crazy Yiuf (D:2)
  Jessica (D:2)
  Terence (D:2)
  2 worker ants (D:4)
  A hound zombie (D:4)
  4 adders
  An ufetubus (D:3)
  A worm (D:3)
  2 dart slugs
  A leopard gecko (D:1)
  11 orcs
  4 giant cockroaches
  5 goblins (D:1)
  4 hobgoblins
  4 jackals (D:2)
  8 kobolds
  6 bats
  8 rats
72 creatures vanquished.

Vanquished Creatures (others)
  A fungus (D:2)
  2 lurking horrors (D:3)
  A plant (D:1)
4 creatures vanquished.

Grand Total: 85 creatures vanquished

Notes
Turn   | Place    | Note
-------+----------+-------------------------------------------
     0 | D:1      | jlumianski the Felid Summoner began the quest for the Orb.
     0 | D:1      | Reached XP level 1. HP: 7/7 MP: 4/4
    55 | D:2      | Noticed Jessica
   621 | D:1      | Reached XP level 2. HP: 11/11 MP: 3/6
   624 | D:1      | Learned a level 2 spell: Call Imp
  1961 | D:2      | Killed Jessica
  1962 | D:2      | Reached XP level 3. HP: 14/14 MP: 2/7
  2275 | D:2      | Noticed Terence
  2293 | D:2      | Killed Terence
  2643 | D:2      | Reached XP level 4. HP: 18/18 MP: 3/9
  2778 | D:2      | Found a runed translucent door.
  2779 | D:2      | Noticed Crazy Yiuf
  2920 | D:2      | Killed Crazy Yiuf
  3175 | D:3      | Reached skill level 5 in Summonings
  3490 | D:3      | Found a corrupted altar of Lugonu.
  3493 | D:3      | Found a one-way gate to the infinite horrors of the Abyss.
  3762 | D:3      | Learned a level 3 spell: Call Canine Familiar
  4760 | D:4      | Reached XP level 5. HP: 21/21 MP: 8/11
  4793 | D:4      | Noticed a nameless horror
  5705 | D:4      | Killed from afar by an orc wizard
  5706 | D:4      | Reached XP level 4. HP: -3/18 MP: 3/11
  5788 | D:4      | Reached XP level 5. HP: 21/21 MP: 3/12
  5809 | D:4      | Killed a nameless horror
  5850 | D:4      | Killed from afar by an orc wizard

Illustrated notes

Levels and vault maps discovered:
D:1:      heliophobic_arrival_battle_scene, layout_loops_corners,
          minmay_misc_feat_plants, minivault_4, hangedman_decor_diamond_cutter
D:2:      layout_rooms, uniq_crazy_yiuf_cottage, uniq_jessica, uniq_terence
D:3:      lemuel_upstairs_altar, layout_basic, eino_tiny_chamber,
          amcnicky_altar_lugonu_corruption
D:4:      layout_basic

Skill      XL: |  1  2  3  4  5 |
---------------+----------------+-----
Stealth        | 3 |  3.3
Spellcasting   | 3 4 |  4.1
Summonings     | 5 |  5.7
Dodging        | |  2.8
Unarmed Combat | |  0.5

Action                   |  1- 3 |  4- 6 || total
-------------------------+-------+-------++-------
Melee: Unarmed           |    16 |     5 ||    21
       Bite              |       |     1 ||     1
 Cast: Summon Small Mamm |    48 |    74 ||   122
       Call Imp          |    22 |    35 ||    57
       Call Canine Famil |       |     7 ||     7
Evoke: Wand              |       |     6 ||     6
  Use: Scroll            |       |     6 ||     6
 Stab: Sleeping          |     5 |     2 ||     7
Armor: Skin              |     6 |       ||     6
Dodge: Dodged            |    34 |    35 ||    69
